 Dungeon Crawl Stone Soup version 0.31-a0-744-gbc345e7fcb (webtiles) character file.

Game seed: 17412792937069835348

5010 Dittersdorf the Fighter (level 10, -2/66 HPs)
             Began as a Gargoyle Fighter on Sept 13, 2023.
             Was a Priest of Okawaru.
             Killed from afar by an acid dragon (9 damage)
             ... with a splash of acid
             ... on level 8 of the Dungeon.
             The game lasted 00:09:33 (6263 turns).

Dittersdorf the Fighter (Gargoyle Fighter)          Turns: 6263, Time: 00:09:33

Health: -2/66      AC: 12    Str: 24    XL:     10   Next: 54%
Magic:  0/10       EV:  7    Int:  9    God:    Okawaru [***...]
Gold:   320        SH:  6    Dex:  9    Spells: 9/9 levels left

rFire   + . .        e - +5 flail (venom)
rCold   . . .        c - +1 buckler
rNeg    + . .        h - +0 plate armour
rPois   ∞            r - +0 helmet
rElec   +            f - scarf {+Inv}
rCorr   +            (no gloves)
SInv    .            l - +0 pair of boots
Will    .....        z - amulet of guardian spirit Stlth
                     w - ring of protection from fire
HPRegen 0.31/turn    m - ring of resist corrosion
MPRegen 0.12/turn

%: guardian spirit
@: corroded
A: sickness immunity, AC +7, negative energy resistance 1, electricity
resistance, torment resistance 1, petrification resistance
a: Renounce Religion, Evoke Invisibility, Heroism


You were on level 8 of the Dungeon.
You worshipped Okawaru.
Okawaru was most pleased with you.
You visited 1 branch of the dungeon, and saw 8 of its levels.

You collected 320 gold pieces.

Inventory:

Hand Weapons
 e - a +5 flail of venom (weapon)
 k - a +2 morningstar of freezing
Missiles
 p - 4 curare-tipped darts (quivered)
 u - 3 throwing nets
Armour
 c - a +1 buckler (worn)
 f - a scarf of invisibility (worn)
 h - a +0 plate armour (worn)
 l - a +0 pair of boots (worn)
 r - a +0 helmet (worn)
Jewellery
 j - a ring of flight
 m - a ring of resist corrosion (right hand)
 w - a ring of protection from fire (left hand)
 z - an amulet of guardian spirit (around neck)
Wands
 t - a wand of flame (33)
 y - a wand of digging (4)
 A - a wand of iceblast (2)
Scrolls
 o - 5 scrolls of teleportation
Potions
 a - a potion of attraction
 b - 2 potions of enlightenment
 d - 3 potions of might
 g - 2 potions of berserk rage
 i - 5 potions of curing
 n - 2 potions of degeneration {unknown}
 q - 4 potions of ambrosia
 s - 5 potions of mutation {unknown}
 v - a potion of heal wounds {unknown}
 x - a potion of cancellation


   Skills:
 + Level 9.1 Fighting
 + Level 8.0 Maces & Flails
 + Level 9.0 Armour
 + Level 9.0 Shields


You had 9 spell levels left.
You didn't know any spells.
Your spell library contained the following spells:

 Spells                   Type           Power      Damage    Failure   Level
 Fireball                 Conj/Fire      0%         3d3       100%        5
 Iskenderun's Battlesphe  Conj           0%         2d6       100%        5
 Conjure Ball Lightning   Conj/Air       0%         3x3d6     100%        6
 Orb of Destruction       Conj           0%         9d5       100%        7
 Summon Forest            Summ/Tloc      Unusable   N/A       N/A         5
 Summon Mana Viper        Hex/Summ       Unusable   N/A       N/A         5
 Summon Cactus Giant      Summ           Unusable   N/A       N/A         6

Dungeon Overview and Level Annotations

Branches:
Dungeon (8/15)             Temple (0/1) D:6
   Lair: D:8-11

Altars:
Fedhas
Okawaru

Shops:
D:6 !


Innate Abilities, Weirdness & Mutations

You are immune to sickness and miasma.
Your stone body is resilient. (AC +7)
You are immune to poison.
You resist negative energy. (rN+)
You are resistant to electric shocks. (rElec)
You are resistant to unholy torment.
You are immune to petrification.


Message History

You are too injured to fight recklessly!
You are too injured to fight recklessly!
You are too injured to fight recklessly!
You are too injured to fight recklessly!
You are too injured to fight recklessly!
You are too injured to fight recklessly!
You are too injured to fight recklessly!
You closely miss the acid dragon.
The acid dragon is severely wounded.
The acid dragon barely misses you.
The acid dragon claws you but does no damage.
The gnoll hits you but does no damage.
A gnoll bouda comes into view. It is wielding a +0 whip.
You block the gnoll's attack.
You hit the acid dragon but do no damage.
The acid dragon is poisoned.
The acid dragon is severely wounded.
The acid dragon spits acid at you. The splash of acid hits you. You resist.
The gnoll hits you from afar with a +0 halberd.
The gnoll hits you but does no damage.
Something shouts, "Submit, thou canting hell-hated nothing!"
You hear a shout!
You hit the acid dragon.
The acid dragon looks even sicker.
The acid dragon is almost dead.
A white imp comes into view.
The acid dragon spits acid at you. The splash of acid hits you! You resist.
* * * LOW HITPOINT WARNING * * *
The acid corrodes you! You block the gnoll's attack.
The gnoll hits you from afar with a +0 halberd!
* * * LOW HITPOINT WARNING * * *
The gnoll attacks as it pursues you! You block the gnoll's attack.
The gnoll attacks as it pursues you!
The gnoll hits you from afar with a +0 halberd.
* * * LOW HITPOINT WARNING * * *
There is an open door here.
The acid dragon spits acid at you. The splash of acid hits you! You resist.
You die...

........ #......
#..... #...5#
#$...# #...g#
#.g..#
#..gg######## #
#....D.@....# #
#....######.# #
#....#....#.# #
######.##.#.#####.#
#.##.#.......#
#............. .
####†######### ..
#.##### ####
#.....# #...


You could see an acid dragon (very poisoned, catching breath) and 3 gnolls.

Vanquished Creatures
  Pikel (D:4)
  A manticore (D:7)
  Grinder (D:6)
  A slime creature (D:7)
  A wyvern (D:7)
  6 yaks (D:8)
  Eustachio (D:6)
  2 steam dragons (D:7)
  Edmund (D:4)
  A water moccasin (D:4)
  2 black bears
  An ice beast (D:5)
  2 centaurs
  A lemure (D:4)
  2 phantoms
  A bullfrog (D:7)
  7 scorpions
  8 wights (D:6)
  2 electric eels (D:6)
  A gnoll bouda (D:6)
  3 hounds
  An orc priest (D:5)
  A jelly (D:6)
  Ijyb (D:3)
  An iguana (D:5)
  An orc wizard (D:6)
  Robin (D:3)
  12 gnolls
  11 adders
  A white imp (D:6)
  6 dart slugs
  14 orcs
  11 ball pythons
  3 bats
  15 endoplasms
  14 goblins
  12 hobgoblins
  6 jackals
  2 quokkas
  A frilled lizard (D:2)
  6 kobolds
  6 rats
172 creatures vanquished.

Notes
Turn   | Place    | Note
-------+----------+-------------------------------------------
     0 | D:1      | Dittersdorf the Gargoyle Fighter began the quest for the
                  | Orb.
     0 | D:1      | Reached XP level 1. HP: 14/14 MP: 1/1
   130 | D:1      | Reached XP level 2. HP: 18/19 MP: 2/2
   431 | D:1      | Reached XP level 3. HP: 23/23 MP: 3/3
  1122 | D:2      | Reached XP level 4. HP: 24/29 MP: 4/4
  1484 | D:3      | Noticed Robin
  1646 | D:3      | Killed Robin
  1753 | D:3      | Reached XP level 5. HP: 33/33 MP: 5/5
  1909 | D:3      | Found a blossoming altar of Fedhas.
  1915 | D:3      | Noticed Ijyb
  1922 | D:3      | Killed Ijyb
  2037 | D:3      | Found a faded altar of an unknown god.
  2478 | D:4      | Reached XP level 6. HP: 39/39 MP: 6/6
  2550 | D:4      | Noticed Edmund
  2565 | D:4      | Killed Edmund
  2830 | D:4      | Noticed Pikel
  2846 | D:4      | HP: 1/40 [Pikel/+2 whip of flaming (2)]
  2848 | D:4      | Killed Pikel
  2849 | D:4      | Reached skill level 5 in Fighting
  2849 | D:4      | Reached skill level 5 in Armour
  2849 | D:4      | Reached skill level 5 in Shields
  2849 | D:4      | Reached XP level 7. HP: 2/45 MP: 7/7
  3170 | D:4      | Identified the +10 hand axe "Xalusap" {heavy, rElec rPois
                  | rF+ Dex+3}
  3175 | D:4      | Reached XP level 8. HP: 51/51 MP: 8/8
  3221 | D:4      | Reached skill level 5 in Maces & Flails
  3373 | D:5      | Entered Level 5 of the Dungeon
  3619 | D:5      | Found an iron altar of Okawaru.
  3627 | D:5      | Became a worshipper of Warmaster Okawaru
  4325 | D:6      | Reached XP level 9. HP: 57/57 MP: 9/9
  4390 | D:6      | Reached * piety under Okawaru
  4745 | D:6      | Noticed Grinder
  4746 | D:6      | Paralysed by Grinder for 3 turns
  4762 | D:6      | Paralysed by Grinder for 3 turns
  4775 | D:6      | Killed Grinder
  4897 | D:6      | Found Orouta's Distillery.
  4932 | D:6      | Noticed Eustachio
  4946 | D:6      | Killed Eustachio
  4946 | D:6      | Reached ** piety under Okawaru
  5238 | D:6      | Found a staircase to the Ecumenical Temple.
  5521 | D:7      | Reached XP level 10. HP: 64/64 MP: 10/10
  5869 | D:7      | Noticed a manticore
  5881 | D:7      | Killed a manticore
  6195 | D:8      | Reached *** piety under Okawaru
  6263 | D:8      | Killed from afar by an acid dragon

Illustrated notes

Levels and vault maps discovered:
D:1:      sevenhm_arrival_forest_fort_small_3, layout_loops_cross, minivault_5
D:2:      layout_basic
D:3:      layout_loops_ring, old_standard_altar,
          hellmonk_ecumenical_altar_arch_garden, chequers_decorated_corner,
          serial_bayou_lagoon_a, uniq_robin, uniq_ijyb
D:4:      layout_gridville, corexii_item_surrounded_by_moat, bh_walls_and_bars,
          uniq_pikel, uniq_edmund
D:5:      layout_basic, okawaru_gym_becter, hangedman_decor_points
D:6:      layout_basic, minmay_temple_entry_antechambers, serial_shops,
          nicolae_shop_industrial_runoff, serial_bayou_ford_a, minivault_14,
          uniq_eustachio, uniq_grinder
D:7:      layout_loops_ring, nicolae_concentric_dashed_squares_mild,
          minmay_three_doors
D:8:      layout_basic, grunt_temple_overflow_order_and_chaos_1, serial_shops,
          shop_coins

Skill      XL: |  1  2  3  4  5  6  7  8  9 10 |
---------------+-------------------------------+-----
Fighting       | 4 5 7 8 9 |  9.1
Shields        | 4 5 6 8 9 |  9.0
Armour         | 4 5 6 8 9 |  9.0
Maces & Flails | 3 4 5 7 8 |  8.0

Action                     |  1- 3 |  4- 6 |  7- 9 | 10-12 || total
---------------------------+-------+-------+-------+-------++-------
  Melee: Flail             |    65 |    25 |   203 |    61 ||   354
         Morningstar       |    69 |   141 |       |       ||   210
  Throw: Dart              |       |     2 |       |     1 ||     3
 Invoke: Heroism           |       |       |     1 |       ||     1
    Use: Scroll            |       |     9 |     6 |     2 ||    17
 Armour: Scale mail        |   121 |   183 |    56 |       ||   360
         Plate armour      |       |       |    89 |    63 ||   152
  Dodge: Dodged            |    70 |    95 |    74 |    12 ||   251
  Block: Buckler           |    29 |    40 |    65 |    17 ||   151

Table legend: (Time is in decaauts)
 A = Elapsed time spent in this place.
 B = Non-inter-level travel time spent in this place.
 C = Inter-level travel time spent in this place.
 D = Time resting spent in this place.
 E = Time spent auto-exploring this place.
 F = Levels seen in this place.
 G = Mean time per level.
                   A        B        C        D        E       F      G
               +--------+--------+--------+--------+--------+-----+--------+
         Total |   6406 |   6058 |    348 |    806 |   3875 |   8 |  800.8 |
       Dungeon |   6406 |   6058 |    348 |    806 |   3875 |   8 |  800.8 |
               +--------+--------+--------+--------+--------+-----+--------+

Top non-repeatable levels by time:
     D:6: 1096 daAuts
     D:1: 980 daAuts
     D:4: 942 daAuts
     D:3: 912 daAuts
     D:5: 852 daAuts
     D:7: 818 daAuts
     D:2: 679 daAuts
     D:8: 125 daAuts
